 Dungeon Crawl Stone Soup version 0.31.0-12-g77e489cdc1 (webtiles) character file.

Game seed: 8209917797273817495

557 monsoonserge the Ruffian (level 7, -7/52 HPs)
             Began as a Gnoll Shapeshifter on Mar 1, 2024.
             Mangled by an ogre
             ... wielding a +0 giant club
              (23 damage)
             ... on level 4 of the Dungeon.
             The game lasted 00:07:18 (3404 turns).

monsoonserge the Ruffian (Gnoll Shapeshifter)       Turns: 3404, Time: 00:07:19

Health: -7/52      AC:  8    Str: 16    XL:     7   Next: 30%
Magic:  10/10      EV:  8    Int:  9    God:
Gold:   145        SH:  0    Dex: 11    Spells: 11/11 levels left

rFire   . .          .
                       - Unarmed
rCold   + . .        (no shield)
rNeg    . . .        k - +0 chain mail
rPois   .            (helmet currently unavailable)
rElec   .            (cloak currently unavailable)
rCorr   .            (gloves currently unavailable)
SInv    .            (boots currently unavailable)
Will    .....        (no amulet) Stlth
                     w - ring of protection from cold
HPRegen 0.28/turn    (no ring)
MPRegen 0.12/turn

%: no passive effects
@: beast-form
A: beast (slay +3), fangs 1, strong nose, distributed training
a: Begin Untransformation


You were on level 4 of the Dungeon.
You were a hulking beast.
You visited 1 branch of the dungeon, and saw 4 of its levels.

You collected 145 gold pieces.

Inventory:

Missiles
 h - 6 poisoned darts (quivered)
 v - 2 throwing nets
Armour
 a - a +0 animal skin
 g - a +0 scale mail
 k - a +0 chain mail (worn)
Magical Staves
 r - a staff of death
Jewellery
 w - a ring of protection from cold (left hand)
Talismans
 c - a beast talisman (active)
 d - a flux talisman
 y - a blade talisman
Wands
 q - a wand of acid (12)
 B - a wand of flame (24)
Scrolls
 e - 6 scrolls of identify {unknown}
 i - a scroll of poison {unknown}
 j - 3 scrolls of fog {unknown}
 o - 2 scrolls of enchant armour {unknown}
 u - a scroll of amnesia {unknown}
 x - a scroll of revelation {unknown}
 z - 2 scrolls of torment {unknown}
 A - a scroll of teleportation {unknown}
Potions
 b - 2 potions of attraction {unknown}
 f - a potion of mutation {unknown}
 l - 3 potions of curing {unknown}
 m - a potion of berserk rage {unknown}
 n - a potion of ambrosia {unknown}
 p - a potion of enlightenment {unknown}
 s - a potion of cancellation {unknown}
 t - a potion of heal wounds {unknown}


   Skills:
 + Level 3.6 Fighting
 + Level 2.5 Short Blades
 + Level 2.5 Long Blades
 + Level 2.5 Axes
 + Level 2.5 Maces & Flails
 + Level 2.5 Polearms
 + Level 2.5 Staves
 + Level 2.5 Ranged Weapons
 + Level 2.5 Throwing
 + Level 2.5 Armour
 + Level 5.2 Dodging
 + Level 2.5 Stealth
 + Level 2.5 Shields
 + Level 7.0 Unarmed Combat
 + Level 2.5 Spellcasting
 + Level 2.0 Conjurations
 + Level 2.0 Hexes
 + Level 2.0 Summonings
 + Level 2.0 Necromancy
 + Level 2.0 Translocations
 + Level 2.0 Fire Magic
 + Level 2.0 Ice Magic
 + Level 2.0 Air Magic
 + Level 2.0 Earth Magic
 + Level 2.0 Alchemy
 + Level 2.8 Invocations
 + Level 2.5 Evocations
 + Level 6.9 Shapeshifting


You had 11 spell levels left.
You didn't know any spells.
Your spell library contained the following spells:

 Spells                   Type           Power      Damage    Failure   Level
 Magic Dart               Conj           16%        1d3       86%         1
 Searing Ray              Conj           8%         2d4       94%         2
 Fulminant Prism          Conj/Alch      2%         3d5       100%        4


Dungeon Overview and Level Annotations

Branches:
Dungeon (4/15)
 Temple: D:4-7

Altars:
Elyvilon
Fedhas
Uskayaw
Yredelemnul

Shops:
D:4 *


Innate Abilities, Weirdness & Mutations

You are a hulking beast.
Your limbs bulge with bestial killing power. (Slay +3)
You have very sharp teeth.
Your uncanny sense of smell can sniff out nearby items.
Your experience applies equally to all skills.


Message History

The white imp gestures at you. The puff of frost hits you. You resist.
An ogre comes into view. It is wielding a +0 giant club.
The ogre shouts!
The white imp hits you. The white imp freezes you. You resist.
The white imp hits you but does no damage.
You barely miss the white imp. You closely miss the white imp.
Your bite misses the white imp. The ogre barely misses you.
The white imp barely misses you.
You hit the white imp.
The white imp is lightly wounded.
The white imp hits you. The white imp freezes you. You resist.
The ogre hits you with a +0 giant club!
You hit the white imp.
You bite the white imp, but do no damage.
The white imp is heavily wounded.
The white imp hits you but does no damage.
You hit the white imp but do no damage.
The white imp is heavily wounded.
The ogre hits you with a +0 giant club! The white imp gestures at you.
The puff of frost hits you. You resist.
You punch the ogre! You bite the ogre, but do no damage.
The ogre is moderately wounded.
The white imp hits you but does no damage.
You closely miss the ogre. You bite the ogre.
The ogre is moderately wounded.
The ogre closely misses you. The white imp barely misses you.
You punch the ogre! Your bite misses the ogre.
The ogre is heavily wounded.
You punch the ogre!
The ogre is almost dead.
The ogre hits you with a +0 giant club. The white imp gestures at you.
The puff of frost hits you. You resist.
You hit the ogre.
The ogre is almost dead.
The white imp hits you but does no damage.
The ogre hits you with a +0 giant club!!
You die...

..#............#......#.....#....
..'............+......'.....#....
'##............##.##'##.....#...#
.###'####'#.....#.##.#......#...#
.#...#....#.....+....#......'....
.#...#....+.(...#....#......#....
###.#######.....####'#......#####
###.#..........O.................
....#...........h................
....#...........5................
#'###............................
.[.....##########....##'#########
.......# #....'...'....# .......#
#....#...#....# .......#
...'....#####†..## .......###
####........#...# .####....#
#####....#...#


You could see an ogre and a white imp.

Vanquished Creatures
  A water moccasin (D:4)
  An ogre (D:3)
  2 jellies
  An iguana (D:4)
  Jessica (D:3)
  Natasha (thrice) (D:2)
  4 gnolls (D:3)
  4 adders
  2 ribbon worms
  4 dart slugs
  5 orcs (D:3)
  5 endoplasms
  A giant cockroach (D:1)
  5 hobgoblins
  8 jackals (D:1)
  8 quokkas
  8 ball pythons
  5 bats
  4 frilled lizards
  14 goblins
  5 kobolds
  6 rats
97 creatures vanquished.

Notes
Turn   | Place    | Note
-------+----------+-------------------------------------------
     0 | D:1      | monsoonserge the Gnoll Shapeshifter began the quest for the
                  | Orb.
     0 | D:1      | Reached XP level 1. HP: 17/17 MP: 1/1
    60 | D:1      | Reached XP level 2. HP: 12/23 MP: 2/2
   256 | D:1      | Reached XP level 3. HP: 26/28 MP: 3/3
   391 | D:1      | Reached skill level 1 in Invocations
   751 | D:2      | Reached skill level 1 in Short Blades
   751 | D:2      | Reached skill level 1 in Long Blades
   751 | D:2      | Reached skill level 1 in Axes
   751 | D:2      | Reached skill level 1 in Maces & Flails
   751 | D:2      | Reached skill level 1 in Polearms
   751 | D:2      | Reached skill level 1 in Staves
   751 | D:2      | Reached skill level 1 in Ranged Weapons
   751 | D:2      | Reached skill level 1 in Throwing
   751 | D:2      | Reached skill level 1 in Armour
   751 | D:2      | Reached skill level 1 in Stealth
   751 | D:2      | Reached skill level 1 in Shields
   751 | D:2      | Reached skill level 1 in Spellcasting
   751 | D:2      | Reached skill level 1 in Evocations
   789 | D:2      | Reached XP level 4. HP: 34/34 MP: 5/5
  1061 | D:2      | Found a faded altar of an unknown god.
  1061 | D:2      | Noticed Natasha
  1072 | D:2      | Killed Natasha
  1073 | D:2      | Reached skill level 1 in Conjurations
  1073 | D:2      | Reached skill level 1 in Hexes
  1073 | D:2      | Reached skill level 1 in Summonings
  1073 | D:2      | Reached skill level 1 in Necromancy
  1073 | D:2      | Reached skill level 1 in Translocations
  1073 | D:2      | Reached skill level 1 in Fire Magic
  1073 | D:2      | Reached skill level 1 in Ice Magic
  1073 | D:2      | Reached skill level 1 in Air Magic
  1073 | D:2      | Reached skill level 1 in Earth Magic
  1073 | D:2      | Reached skill level 1 in Alchemy
  1274 | D:2      | Noticed Natasha
  1282 | D:2      | Killed Natasha
  1283 | D:2      | Reached XP level 5. HP: 26/40 MP: 5/7
  1375 | D:2      | Noticed Natasha
  1380 | D:2      | Killed Natasha
  1566 | D:3      | Found a hide-covered altar of Uskayaw.
  1688 | D:3      | Noticed an ogre
  1709 | D:3      | Killed an ogre
  1710 | D:3      | Reached skill level 5 in Dodging
  1710 | D:3      | Reached XP level 6. HP: 42/47 MP: 8/8
  2093 | D:3      | Noticed Jessica
  2104 | D:3      | Killed Jessica
  2140 | D:3      | Found a white marble altar of Elyvilon.
  2154 | D:3      | Found a basalt altar of Yredelemnul.
  2402 | D:3      | Found a blossoming altar of Fedhas.
  2455 | D:4      | Found Potom's Fire Supplies.
  3211 | D:4      | Noticed a water moccasin
  3223 | D:4      | Killed a water moccasin
  3224 | D:4      | Reached skill level 7 in Unarmed Combat
  3224 | D:4      | Reached XP level 7. HP: 27/52 MP: 10/10
  3404 | D:4      | Mangled by an ogre

Illustrated notes

Levels and vault maps discovered:
D:1:      erik_arrival_orb_chamber, layout_rooms, serial_rivers,
          chequers_serial_rivers_room_a, chequers_serial_rivers_room_a,
          chequers_serial_rivers_micro_a, chequers_serial_rivers_micro_a,
          minmay_curled_crystal
D:2:      layout_loops_ring, chequers_ecumenical_altar_simple, minmay_cut_off,
          uniq_natasha
D:3:      layout_loops_cross, nicolae_overflow_quartered_altars, uniq_jessica
D:4:      layout_gridville, nicolae_shop_fire_sale [nicolae_sub_dead_trees]

Skill      XL: |  1  2  3  4  5  6 |
---------------+-------------------+-----
Invocations    | 1 2 |  2.8
Short Blades   | 1 2 |  2.5
Long Blades    | 1 2 |  2.5
Axes           | 1 2 |  2.5
Maces & Flails | 1 2 |  2.5
Polearms       | 1 2 |  2.5
Staves         | 1 2 |  2.5
Ranged Weapons | 1 2 |  2.5
Throwing       | 1 2 |  2.5
Armour         | 1 2 |  2.5
Stealth        | 1 2 |  2.5
Shields        | 1 2 |  2.5
Spellcasting   | 1 2 |  2.5
Evocations     | 1 2 |  2.5
Conjurations   | 1 2 |  2.0
Hexes          | 1 2 |  2.0
Summonings     | 1 2 |  2.0
Necromancy     | 1 2 |  2.0
Translocations | 1 2 |  2.0
Fire Magic     | 1 2 |  2.0
Ice Magic      | 1 2 |  2.0
Air Magic      | 1 2 |  2.0
Earth Magic    | 1 2 |  2.0
Alchemy        | 1 2 |  2.0
Fighting       | 3 |  3.6
Dodging        | 5 |  5.2
Unarmed Combat | 7 |  7.0
Shapeshifting  | |  6.9

Action                     |  1- 3 |  4- 6 |  7- 9 || total
---------------------------+-------+-------+-------++-------
  Melee: Unarmed           |    96 |   127 |    18 ||   241
         Bite              |     8 |     8 |     3 ||    19
         Punch             |     1 |     5 |       ||     6
    Use: Potion            |     1 |       |       ||     1
 Armour: Skin              |    26 |       |       ||    26
         Animal skin       |     3 |       |       ||     3
         Scale mail        |    11 |    14 |       ||    25
         Chain mail        |       |    58 |    17 ||    75
  Dodge: Dodged            |    82 |    42 |    11 ||   135
   Form: Flux              |     1 |       |       ||     1
         Beast             |     1 |       |       ||     1
